 Dungeon Crawl Stone Soup version 0.22.1-1-ga44c0e5 (webtiles) character file.

29043 MTVSty1e the Severer (level 13, -2/123 HPs)
             Began as a Minotaur Fighter on Oct 23, 2018.
             Was a High Priest of Okawaru.
             Slain by Rupert
             ... wielding a +4 battleaxe of flaming
              (27 damage)
             ... while paralysed by Rupert
             ... on level 4 of the Lair of Beasts.
             The game lasted 00:28:53 (17693 turns).

MTVSty1e the Severer (Minotaur Fighter)            Turns: 17693, Time: 00:28:54

Health: -2/123     AC: 21    Str: 26    XL:     13   Next: 13%
Magic:  25/25      EV:  2    Int:  5    God:    Okawaru [*****.]
Gold:   967        SH:  0    Dex: 10    Spells: 12/12 levels left

rFire    . . .     SeeInvis +   d - +3 war axe
rCold    + . .     Gourm    .   c - +0 shield
rNeg     . . .     Faith    .   L - +1 plate armour {MR+}
rPois    +         Spirit   .   G - +0 hat
rElec    .         Reflect  .   x - +1 cloak
rCorr    .         Harm     .   z - +0 pair of gloves
MR       +....                  s - +2 pair of boots
Stlth    ..........             H - amulet of the Fool {+Rage rC+ MP+9}
HPRegen  0.30/turn              e - ring of poison resistance
MPRegen  0.19/turn              y - ring of see invisible

@: paralysed, hasted
A: retaliatory headbutt, horns 2
a: Heroism, Finesse, Renounce Religion, Evoke Berserk Rage


You were on level 4 of the Lair of Beasts.
You worshipped Okawaru.
Okawaru was extremely pleased with you.
You were very hungry.

You visited 2 branches of the dungeon, and saw 14 of its levels.
You also visited: Labyrinth.

You collected 967 gold pieces.

Inventory:

Hand Weapons
 b - a +2 scimitar of flaming
 d - a +3 war axe (weapon)
Armour
 c - a +0 shield (worn)
 s - a +2 pair of boots (worn)
 x - a +1 cloak (worn)
 z - a +0 pair of gloves (worn)
 G - a +0 hat (worn)
 L - a +1 plate armour of magic resistance (worn)
Jewellery
 e - a ring of poison resistance (left hand)
 j - an uncursed ring of protection from magic
 p - an uncursed ring of resist corrosion
 y - a ring of see invisible (right hand)
 A - an uncursed ring of fire
 F - an uncursed ring of positive energy
 H - the amulet of the Fool (around neck) {+Rage rC+ MP+9}
   (You found it on level 3 of the Lair of Beasts)

   [amulet of rage]

   It protects you from cold.
   It affects your magic capacity (+9).
   It lets you go berserk.
Wands
 a - a wand of flame (14)
 B - a wand of paralysis (16)
 E - a wand of iceblast (12)
 I - a wand of polymorph (18)
Scrolls
 f - 4 scrolls of enchant weapon
 g - 2 scrolls of identify
 k - 6 scrolls of teleportation
 o - 3 scrolls of immolation
 v - 2 scrolls of enchant armour
 C - a scroll of fog
 J - 2 scrolls of amnesia
 K - 2 scrolls of remove curse
Potions
 h - 10 potions of curing
 i - 2 potions of lignification
 m - 2 potions of haste
 n - 3 potions of heal wounds
 q - a potion of ambrosia
 r - 2 potions of brilliance
 t - a potion of invisibility
 u - a potion of flight
 w - a potion of resistance
 D - a potion of berserk rage
Comestibles
 l - 21 rations


   Skills:
 + Level 13.8 Fighting
 * Level 18.3 Axes
 + Level 7.8 Armour
 + Level 7.9 Shields
 + Level 5.6 Invocations


You had 12 spell levels left.
You didn't know any spells.
Your spell library contained the following spells:

 Spells                   Type           Power        Failure   Level  Hunger
 Beastly Appendage        Tmut           #.....       100%        1    ##.....
 Confusing Touch          Hex            #.....       100%        1    ##.....
 Corona                   Hex            #......      100%        1    ##.....
 Summon Butterflies       Summ           #.......     100%        1    ##.....
 Ensorcelled Hibernation  Hex/Ice        #.....       100%        2    ###....
 Poisonous Vapours        Pois/Air       #.....       100%        2    ###....
 Sticks to Snakes         Tmut           #.......     100%        2    ###....
 Confuse                  Hex            #.......     100%        3    ####...
 Dazzling Spray           Conj/Hex       #.....       100%        3    ####...
 Gell's Gravitas          Tloc           #.........   100%        3    ####...
 Spider Form              Tmut/Pois      #.........   100%        3    ####...
 Static Discharge         Conj/Air       #.......     100%        3    ####...
 Tukima's Dance           Hex            #.......     100%        3    ####...
 Ice Form                 Ice/Tmut       #.......     100%        4    #####..
 Petrify                  Tmut/Erth      #.......     100%        4    #####..
 Blade Hands              Tmut           #.........   100%        5    ######.
 Lightning Bolt           Conj/Air       #.........   100%        5    ######.
 Metabolic Englaciation   Hex/Ice        #.........   100%        5    ######.
 Summon Demon             Summ           #.........   100%        5    ######.
 Yara's Violent Unravell  Hex/Tmut       #.........   100%        5    ######.
 Conjure Ball Lightning   Conj/Air       #.........   100%        6    #######
 Malign Gateway           Summ/Tloc      #.........   100%        7    #######
 Monstrous Menagerie      Summ           #.........   100%        7    #######
 Summon Greater Demon     Summ           #.........   100%        7    #######
 Ignition                 Fire           #.........   100%        8    #######
 Summon Horrible Things   Summ           #.........   100%        8    #######
 Shatter                  Erth           #.........   100%        9    #######
 Tornado                  Air            #.........   100%        9    #######


Dungeon Overview and Level Annotations

Branches:
Dungeon (10/15)            Temple (0/1) D:4            Lair (4/6) D:8
 Shoals (0/4) Lair:4        Snake (0/4) Lair:3
    Orc: D:9-12

Altars:
Cheibriados
Dithmenos
Elyvilon
Fedhas
Gozag
Kikubaaqudgha
Makhleb
Okawaru
Xom
The Shining One

Shops:
D:6 [   D:7 ?

Annotations:
D:3 2 runed doors, HoaS's ghost, amateur GrMo
D:4 3 runed doors, Harpaggios's ghost, amateur TeAE
Lair:2 3 runed doors, Maniyck's ghost, novice TrFi
Lair:4 Rupert


Innate Abilities, Weirdness & Mutations

You reflexively headbutt those who attack you in melee.
You have a pair of horns on your head.


Message History

You miss Rupert.
Rupert is moderately wounded.
You slash Rupert! You headbutt Rupert!!
Rupert is severely wounded.
You slash Rupert!
Rupert is severely wounded.
Rupert yells loudly at you.
You suddenly lose the ability to move!
Rupert barely misses you.
You are feeling very hungry.
Rupert looks more energetic.
Rupert roars madly and goes into a rage!
Rupert goes berserk!
Rupert hits you with a battleaxe of flaming.
* * * LOW HITPOINT WARNING * * *
Rupert burns you.
* * * LOW HITPOINT WARNING * * *
You feel less confused.
Rupert hits you with a battleaxe of flaming!!
You die...

##..#.P....##...P##
##...##.####.....##
#P..####.#..#...#.#
##..'......#....###
#..##.....##...#
##..###....#....#
#P..##.....##...#
##.@####.#.##...#
#..@.# ######...#
##...# .#
#.........
#.........
#.......>.
..........
#..........
##....#..#.
#...###.#


You could see Rupert (berserk).

Vanquished Creatures
  A minotaur (Lab)
  The ghost of MTVSty1e the Severer, a journeyman GrFi of Okawaru (Lair:3)
  2 hydras
  Harold (D:7)
  Erica (D:10)
  A dancing weapon (Lair:3)
  A queen ant (D:7)
  2 death yaks (Lair:3)
  3 elephants (Lair:3)
  6 spiny frogs
  A torpor snail (Lair:3)
  A gargoyle (D:10)
  4 komodo dragons
  A rime drake (shapeshifter) (D:10)
  An efreet (D:10)
  4 trolls
  5 hippogriffs
  8 blink frogs
  A spriggan (D:7)
  A basilisk (Lair:1)
  8 yaks
  20 soldier ants (D:8)
  4 nagas (Lair:3)
  5 water moccasins
  5 ice beasts
  5 porcupines
  3 phantoms
  A necrophage (D:9)
  5 orc warriors
  A sky beast (D:8)
  4 black bears
  27 wolves
  4 centaurs
  5 ogres
  8 crocodiles
  2 big kobolds (D:9)
  11 bullfrogs
  A gnoll sergeant (D:8)
  2 scorpions
  A water moccasin skeleton (D:7)
  3 killer bees (D:6)
  10 wights
  5 howler monkeys
  2 crimson imps (D:6)
  2 bullfrog zombies (D:9)
  A jelly (D:7)
  4 orc priests
  Crazy Yiuf (D:3)
  2 hounds
  A centaur skeleton (D:4)
  4 iguanas
  12 orc wizards
  29 worker ants
  A hound zombie (D:10)
  A hound skeleton (D:4)
  8 gnolls
  3 howler monkey skeletons
  17 adders
  3 shadow imps
  An ooze (D:7)
  An adder skeleton (D:4)
  7 worms
  3 dart slugs
  3 leopard geckos
  35 orcs
  13 bats
  6 giant cockroaches
  12 goblins
  7 hobgoblins
  17 jackals
  8 kobolds
  3 quokkas
  4 ball pythons
  6 frilled lizards
  A quokka zombie (D:5)
  9 rats
  A plant (Lair:3)
414 creatures vanquished.

Vanquished Creatures (others)
  4 fungi
  A plant (D:8)
5 creatures vanquished.

Grand Total: 419 creatures vanquished

Notes
Turn   | Place    | Note
-------+----------+-------------------------------------------
     0 | D:1      | MTVSty1e the Minotaur Fighter began the quest for the Orb.
     0 | D:1      | Reached XP level 1. HP: 19/19 MP: 0/0
   209 | D:1      | Reached skill level 3 in Axes
   222 | D:1      | Reached XP level 2. HP: 25/27 MP: 1/1
   687 | D:1      | You fall through a shaft!
   948 | D:1      | Reached XP level 3. HP: 33/33 MP: 2/2
  1124 | D:2      | Reached skill level 4 in Axes
  1510 | D:2      | Reached XP level 4. HP: 37/41 MP: 3/3
  1591 | D:2      | Found a white marble altar of Elyvilon.
  2147 | D:3      | Found a blossoming altar of Fedhas.
  2147 | D:3      | Found an ancient bone altar of Kikubaaqudgha.
  2148 | D:3      | Reached skill level 5 in Axes
  2265 | D:3      | Found a runed door.
  2339 | D:3      | Reached XP level 5. HP: 15/47 MP: 4/4
  2606 | D:3      | Reached skill level 5 in Fighting
  2708 | D:3      | Found an iron altar of Okawaru.
  2715 | D:3      | Found a large runed door.
  2716 | D:3      | Became a worshipper of Warmaster Okawaru
  2719 | D:3      | Found a large runed door.
  2720 | D:3      | Noticed HoaS's ghost (amateur GrMo)
  3043 | D:3      | Noticed Crazy Yiuf
  3047 | D:3      | Killed Crazy Yiuf
  3243 | D:4      | Reached skill level 6 in Axes
  3403 | D:4      | Found a snail-covered altar of Cheibriados.
  3403 | D:4      | Found a burning altar of Makhleb.
  3451 | D:4      | Reached XP level 6. HP: 56/56 MP: 5/5
  3548 | D:4      | Found a runed gate.
  3552 | D:4      | Found a runed gate.
  3553 | D:4      | Found a runed gate.
  3561 | D:4      | Noticed an ice beast
  3583 | D:4      | Noticed Harpaggios's ghost (amateur TeAE)
  3780 | D:4      | Found a staircase to the Ecumenical Temple.
  3941 | D:5      | Entered Level 5 of the Dungeon
  4127 | D:5      | Reached skill level 7 in Axes
  4150 | D:5      | Found an opulent altar of Gozag.
  4169 | D:5      | Found a shimmering altar of Xom.
  4409 | D:5      | Reached * piety under Okawaru
  4412 | D:5      | Reached XP level 7. HP: 47/63 MP: 6/6
  4477 | D:5      | Reached skill level 8 in Axes
  5258 | D:6      | Found Minoutis's Armour Boutique.
  5332 | D:6      | Reached skill level 9 in Axes
  5529 | D:6      | Reached ** piety under Okawaru
  5529 | D:6      | Reached XP level 8. HP: 61/73 MP: 7/7
  5805 | D:7      | Reached skill level 10 in Axes
  6093 | D:7      | Found Qatidi's Magic Scroll Boutique.
  6105 | D:7      | Reached skill level 11 in Axes
  6111 | D:7      | Reached *** piety under Okawaru
  6222 | D:7      | Noticed Harold
  6240 | D:7      | Killed Harold
  6240 | D:7      | Reached skill level 12 in Axes
  6240 | D:7      | Reached XP level 9. HP: 47/84 MP: 8/8
  6450 | D:7      | Found a shadowy altar of Dithmenos.
  6468 | D:7      | Reached **** piety under Okawaru
  6511 | D:7      | Noticed a troll
  6518 | D:7      | Killed a troll
  6600 | D:7      | Reached skill level 10 in Fighting
  6647 | D:7      | Reached skill level 13 in Axes
  7341 | D:8      | Reached XP level 10. HP: 56/94 MP: 9/9
  7347 | D:8      | Reached ***** piety under Okawaru
  7590 | D:8      | Reached skill level 14 in Axes
  8309 | D:8      | Noticed a queen ant
  8355 | D:7      | Killed a queen ant
  8355 | D:7      | Received a gift from Okawaru
  8355 | D:7      | Reached skill level 15 in Axes
  8787 | D:8      | Found a staircase to the Lair.
  8929 | D:8      | Found a glowing golden altar of the Shining One.
  9213 | D:9      | Reached XP level 11. HP: 104/104 MP: 10/10
  9652 | D:9      | Reached skill level 16 in Axes
 10390 | D:10     | Entered Level 10 of the Dungeon
 10409 | D:10     | Received a gift from Okawaru
 10685 | D:10     | Noticed Erica
 10692 | D:10     | Killed Erica
 10825 | D:10     | Reached skill level 1 in Invocations
 11369 | D:10     | Found a runed door.
 12145 | Lair:1   | Entered Level 1 of the Lair of Beasts
 12265 | Lair:1   | Reached skill level 5 in Armour
 12265 | Lair:1   | Reached skill level 5 in Shields
 12681 | Lair:1   | Noticed a six-headed hydra
 12684 | Lair:1   | Reached skill level 17 in Axes
 12694 | Lair:1   | Killed a three-headed hydra
 12730 | Lair:1   | Received a gift from Okawaru
 12730 | Lair:1   | Reached XP level 12. HP: 58/115 MP: 13/13
 14063 | Lair:2   | Found a runed gate.
 14063 | Lair:2   | Found a runed gate.
 14065 | Lair:2   | Found a runed gate.
 14077 | Lair:2   | Noticed Maniyck's ghost (novice TrFi)
 14495 | Lair:3   | Found a runed door.
 14495 | Lair:3   | Found a shimmering altar of Xom.
 14495 | Lair:3   | Noticed MTVSty1e's ghost (journeyman GrFi)
 14570 | Lair:3   | Found a labyrinth entrance.
 14583 | Lab      | Entered a labyrinth
 15188 | Lab      | Noticed a minotaur
 15207 | Lab      | Killed a minotaur
 15208 | Lab      | Identified the Catalogue of Flight and Creation
 15489 | Lair:3   | Received a gift from Okawaru
 15808 | Lair:3   | Found a staircase to the Snake Pit.
 15821 | Lair:3   | Noticed a death yak
 15834 | Lair:3   | Killed a death yak
 15834 | Lair:3   | Reached ****** piety under Okawaru
 16132 | Lair:3   | Reached skill level 5 in Invocations
 16140 | Lair:3   | Reached skill level 18 in Axes
 16578 | Lair:3   | Killed MTVSty1e's ghost
 16582 | Lair:3   | Got a slimy crystal amulet
 16584 | Lair:3   | Got a dazzling scimitar {chaos}
 16587 | Lair:3   | Identified the amulet of the Fool {+Rage rC+ MP+9} (You
                  | found it on level 3 of the Lair of Beasts)
 16589 | Lair:3   | Identified the +3 scimitar of Defenestration {chaos, rN+
                  | Str+2 Int-2} (You subdued it on level 3 of the Lair of
                  | Beasts)
 16618 | Lair:4   | Noticed a seven-headed hydra
 16618 | Lair:4   | Noticed a death yak
 16650 | Lair:3   | Killed a death yak
 16650 | Lair:3   | Reached XP level 13. HP: 62/123 MP: 16/16
 17498 | Lair:4   | Found a staircase to the Shoals.
 17649 | Lair:4   | Noticed Rupert
 17687 | Lair:4   | Paralysed by Rupert for 6 turns
 17693 | Lair:4   | Slain by Rupert

Skill      XL: |  1  2  3  4  5  6  7  8  9 10 11 12 |
---------------+-------------------------------------+-----
Axes           | 3 4 5 6 7 9 12 13 15 17 18 | 18.3
Fighting       | 4 5 6 7 9 10 12 13 | 13.8
Invocations    | 3 5 |  5.6
Armour         | 5 7 |  7.8
Shields        | 5 7 |  7.9

Action                   |  1- 3 |  4- 6 |  7- 9 | 10-12 | 13-15 || total
-------------------------+-------+-------+-------+-------+-------++-------
Melee: War axe           |   100 |   157 |   221 |   664 |    63 ||  1205
       Headbutt          |    11 |    26 |    42 |   129 |    13 ||   221
       Scimitar          |       |       |       |     6 |     6 ||    12
Invok: Heroism           |       |       |       |     5 |     1 ||     6
       Finesse           |       |       |       |     1 |       ||     1
  Use: Scroll            |       |    13 |       |    15 |     1 ||    29
       Potion            |       |       |     1 |     1 |     1 ||     3
  Eat: Ration            |     1 |     2 |     2 |     9 |       ||    14
       Chunk             |       |     1 |     3 |     1 |       ||     5
Armor: Scale mail        |    53 |    62 |    87 |    98 |       ||   300
       Plate armour      |       |       |       |   205 |    48 ||   253
Dodge: Dodged            |    34 |    50 |    57 |   123 |    19 ||   283
Block: Shield            |    59 |    79 |   103 |   285 |    52 ||   578
